[Event "SUNWAY"]
[Date "2016.12.17"]
[Round "3.5"]
[White "Postny, Evgeny"]
[Black "Anurag, Mhamal"]
[Result "1-0"]
[WhiteElo "2620"]
[BlackElo "2423"]
[ECO "D10"]
[WhiteFed "ISR"]
[BlackFed "IND"]
[FCGameId "-356732604"]
[TimeControl "5400+30"]

1. d4 d5 2. c4 c6 3. Nc3 Nf6 4. cxd5 cxd5 5. Bf4 Nc6 6. e3 a6 7. Rc1 Bg4 8. f3 Bd7 9. Bd3 e6 10. Bg5 h6 11. Bh4 Be7 12. f4 Qb6 13. Qe2 g5 14. fxg5 Ne4 15. Bxe4 dxe4 16. Nh3 e5 17. O-O Bxh3 18. gxh3 exd4 19. Nd5 Qd8 20. Rf5 hxg5 21. Bg3 Rc8 22. Rcf1 Rh6 23. Qg4 dxe3 24. Nxe7 Qxe7 25. Rxf7 Qe6 26. Rf8+ 1-0

[Event "SUNWAY"]
[Date "2016.12.17"]
[Round "3.6"]
[White "Minko, Vladimir"]
[Black "Edouard, Romain"]
[Result "1/2-1/2"]
[WhiteElo "2429"]
[BlackElo "2611"]
[ECO "D20"]
[WhiteFed "RUS"]
[BlackFed "FRA"]
[FCGameId "1907891944"]
[TimeControl "5400+30"]

1. d4 d5 2. c4 dxc4 3. e3 e5 4. Bxc4 Nc6 5. Nf3 e4 6. Nfd2 Qg5 7. Nxe4 Qxg2 8. Ng3 Nf6 9. Bf1 Qd5 10. Nc3 Bb4 11. Bd2 Qe6 12. Qe2 h5 13. h4 Qe7 14. Bh3 Bxh3 15. Rxh3 Qe6 16. Rh1 O-O-O 17. a3 Bd6 18. Rg1 Rhe8 19. O-O-O g6 20. Qb5 a6 21. Qa4 Ne7 22. e4 Bxg3 23. d5 Qb6 24. fxg3 Ng4 25. Rge1 f6 26. Bf4 Rg8 27. Qc4 Ne5 28. Bxe5 fxe5 29. Na4 Qb5 30. Qxb5 axb5 31. Nc5 Rd6 32. Nd3 1/2-1/2

[Event "SUNWAY"]
[Date "2016.12.17"]
[Round "3.7"]
[White "Lauber, Arnd"]
[Black "Zubov, Alexander"]
[Result "1/2-1/2"]
[WhiteElo "2421"]
[BlackElo "2606"]
[ECO "D92"]
[WhiteFed "GER"]
[BlackFed "UKR"]
[FCGameId "-998825599"]
[TimeControl "5400+30"]

1. d4 Nf6 2. c4 g6 3. Nc3 d5 4. Nf3 Bg7 5. Bf4 O-O 6. Rc1 dxc4 7. e3 c5 8. dxc5 Qa5 9. Bxc4 Qxc5 10. Bb3 Nc6 11. O-O Qa5 12. h3 Bf5 13. Qe2 Ne4 14.  Nxe4 Bxe4 15. Rfd1 e6 16. Rd7 Ne5 17. Nxe5 Bxe5 18.  Bxe5 Qxe5 19. Rd4 Bc6 20. Rcd1 Rac8 1/2-1/2

[Event "SUNWAY"]
[Date "2016.12.17"]
[Round "3.8"]
[White "Van Foreest, Jorden"]
[Black "Collas, Didier"]
[Result "1-0"]
[WhiteElo "2605"]
[BlackElo "2399"]
[ECO "B33"]
[WhiteFed "NED"]
[BlackFed "FRA"]
[FCGameId "265970125"]
[TimeControl "5400+30"]

1. e4 c5 2. Nc3 Nc6 3. Nge2 Nf6 4. d4 cxd4 5. Nxd4 e5 6. Ndb5 d6 7. Bg5 a6 8. Na3 b5 9. Nd5 Be7 10. Bxf6 Bxf6 11. c4 b4 12. Nc2 a5 13. g3 O-O 14. h4 Be6 15. Bh3 Rb8 16. b3 Qd7 17. Nxf6+ gxf6 18. Bg2 f5 19. Qh5 f6 20. exf5 Bxf5 21. Ne3 Nd4 22. Nxf5 Qxf5 23. Qxf5 Nxf5 24. O-O-O Nd4 25. Rhe1 Rfe8 26. Kb2 Kf8 27. Bd5 Re7 28. Rd3 Ra7 29. f4 Rc8 30. g4 h6 31. g5 hxg5 32. hxg5 Kg7 33. gxf6+ Kxf6 34. fxe5+ dxe5 35. Rf1+ Kg7 36. Rg3+ Kh8 37. Be4 1-0

[Event "SUNWAY"]
[Date "2016.12.17"]
[Round "3.9"]
[White "Garriga Cazorla, Pere"]
[Black "Vorobiov, Evgeny E."]
[Result "1/2-1/2"]
[WhiteElo "2386"]
[BlackElo "2583"]
[ECO "E38"]
[WhiteFed "ESP"]
[BlackFed "RUS"]
[FCGameId "73872951"]
[TimeControl "5400+30"]

1. d4 Nf6 2. c4 e6 3. Nc3 Bb4 4. Qc2 c5 5. dxc5 Qc7 6. Nf3 a6 7. e3 Bxc5 8. b3  b6 9. Bb2 Bb7 10. Be2 Be7 11. Rd1 d6 12. g4 h6 1/2-1/2

[Event "SUNWAY"]
[Date "2016.12.17"]
[Round "3.10"]
[White "Aroshidze, Levan"]
[Black "Michelakos, Panagiotis"]
[Result "1-0"]
[WhiteElo "2517"]
[BlackElo "2257"]
[ECO "B35"]
[WhiteFed "ESP"]
[BlackFed "GRE"]
[FCGameId "-985016139"]
[TimeControl "5400+30"]

1. e4 c5 2. Nf3 g6 3. d4 cxd4 4. Nxd4 Nc6 5. Nc3 Bg7 6. Be3 Nf6 7. Bc4 O-O 8. Bb3 d5 9. exd5 Na5 10. Qd2 Nxb3 11. Nxb3 b5 12. O-O-O b4 13. Na4 Bf5 14. f3 h5 15. d6 exd6 16. Qxb4 a5 17. Qh4 Qc7 18. Nc3 a4 19. Nd4 Bd7 20. Bg5 Nh7 21. Nd5 Qc5 22. Nf6+ Nxf6 23. Bxf6 a3 24. b3 Qc3 25. Bxg7 Kxg7 26. Ne2 Qb2+ 27. Kd2 Qe5 28. Qd4 Kg8 29. Qxe5 dxe5 30. c4 Be6 31. Ke3 f5 32. f4 exf4+ 33. Nxf4 Bf7 34. h4 Rfe8+ 35. Kf3 Rad8 36. Rhe1 Rxe1 37. Rxd8+ Kg7 38. Ra8 Rf1+ 39. Ke3 Re1+ 40. Kf2 Rh1 41. Nh3 1-0

[Event "SUNWAY"]
[Date "2016.12.17"]
[Round "3.11"]
[White "Esplugas Esteve, Vicenc"]
[Black "Epishin, Vladimir"]
[Result "1-0"]
[WhiteElo "2280"]
[BlackElo "2571"]
[ECO "E32"]
[WhiteFed "ESP"]
[BlackFed "RUS"]
[FCGameId "-1062555132"]
[TimeControl "5400+30"]

1. d4 Nf6 2. c4 e6 3. Nc3 Bb4 4. Qc2 d6 5. Bg5 Nbd7 6. Nf3 h6 7. Bh4 Qe7 8. e3 b6 9. Be2 Bb7 10. O-O Bxc3 11. Qxc3 g5 12. Bg3 Ne4 13. Qc2 h5 14. h4 Rg8 15. b4 Ndf6 16. Nxg5 Nxg5 17. hxg5 Rxg5 18. d5 exd5 19. Bh4 Rg6 20. Bf3 Qe6 21. Rfd1 c6 22. cxd5 cxd5 23. Qc7 Qd7 24. Qxd7+ Nxd7 25. Bxd5 Bxd5 26. Rxd5 Rg4 27. Rxh5 Rxb4 28. Rd1 Nf8 29. Rxd6 Rc8 30. Bf6 Re4 31. Rhd5 1-0

[Event "SUNWAY"]
[Date "2016.12.17"]
[Round "3.12"]
[White "Iniyan, P"]
[Black "Kamsky, Gata"]
[Result "1/2-1/2"]
[WhiteElo "2363"]
[BlackElo "2661"]
[ECO "A88"]
[WhiteFed "IND"]
[BlackFed "USA"]
[FCGameId "1323651220"]
[TimeControl "5400+30"]

1. d4 f5 2. c4 Nf6 3. g3 g6 4. Bg2 Bg7 5. Nf3 d6 6. O-O O-O 7. Nc3 c6 8. Rb1 a5 9. a3 Ne4 10. Nxe4 fxe4 11. Nd2 d5 12. e3 Kh8 13. b3 Nd7 14. a4 Nf6 15. Ba3 Bg4 16. f3 exf3 17. Nxf3 Bh6 18. Qd2 Bf5 19. Rbe1 Qd7 20. Ne5 Qe6 21. b4 Ne4 22. Qb2 Bh3 23. bxa5 Rxf1+ 24. Rxf1 Bxe3+ 25. Kh1 Bxg2+ 26. Kxg2 Ng5 27. g4 dxc4 28. Qxb7 Qd5+ 29. Kg3 Ne4+ 30. Kh3 1/2-1/2

[Event "SUNWAY"]
[Date "2016.12.17"]
[Round "3.13"]
[White "Vocaturo, Daniele"]
[Black "Nihal Sarin"]
[Result "1-0"]
[WhiteElo "2606"]
[BlackElo "2340"]
[ECO "E21"]
[WhiteFed "ITA"]
[BlackFed "IND"]
[FCGameId "-896516144"]
[TimeControl "5400+30"]

1. d4 Nf6 2. c4 e6 3. Nc3 Bb4 4. Nf3 O-O 5. Bg5 c5 6. e3 h6 7. Bh4 d6 8. Bd3 Nbd7 9. O-O cxd4 10. exd4 Bxc3 11. bxc3 Qc7 12. Nd2 b6 13. a4 Bb7 14. a5 Rac8 15. Re1 Rfe8 16. Bg3 g6 17. h3 e5 18. Bf1 Nh5 19. Bh2 Ng7 20. axb6 axb6 21. Nb1 Nf5 22. Na3 Bc6 23. Nc2 Ra8 24. Qd2 Rxa1 25. Rxa1 Kh7 26. Bd3 Nh4 27. Bg3 e4 28. Bxh4 exd3 29. Ne3 Be4 30. f3 Bc6 31. Ng4 g5 32. Qxd3+ Kg7 33. Bg3 Nf6 34. Nxf6 Kxf6 35. Qh7 1-0

[Event "SUNWAY"]
[Date "2016.12.17"]
[Round "3.14"]
[White "Peralta, Fernando"]
[Black "Vehi Bach, Victor Manuel"]
[Result "1-0"]
[WhiteElo "2574"]
[BlackElo "2332"]
[ECO "E48"]
[WhiteFed "ARG"]
[BlackFed "ESP"]
[FCGameId "1766617851"]
[TimeControl "5400+30"]

1. d4 Nf6 2. c4 e6 3. Nc3 Bb4 4. e3 O-O 5. Bd3 d5 6. cxd5 exd5 7. Ne2 Re8 8. O-O a5 9. f3 c5 10. a3 cxd4 11. exd4 Be7 12. Bf4 Qb6 13. Nb5 Na6 14. Rc1 Rf8 15. Nec3 Bd7 16. Na4 Qd8 17. Nc7 Ra7 18. Nb6 Nh5 19. Be5 f6 20. Nxd7 fxe5 21. Nxf8 Nxc7 22. Nxh7 Nf4 23. dxe5 Nce6 24. g3 Nxd3 25. Qxd3 Ra6 26. f4 Nc5 27. Qf5 1-0

[Event "SUNWAY"]
[Date "2016.12.17"]
[Round "3.15"]
[White "Lopez Martinez, Josep Manuel"]
[Black "Pradeep Kumar R A"]
[Result "1-0"]
[WhiteElo "2552"]
[BlackElo "2330"]
[ECO "E73"]
[WhiteFed "ESP"]
[BlackFed "IND"]
[FCGameId "-2090219442"]
[TimeControl "5400+30"]

1. d4 Nf6 2. c4 g6 3. Nc3 Bg7 4. e4 d6 5. Be2 O-O 6. Be3 e5 7. d5 a5 8. g4 Na6  9. g5 Ne8 10. h4 f5 11. gxf6 Bxf6 12. h5 Bg5 13. Qd2 Bxe3 14. Qxe3 Qf6 15. hxg6  hxg6 16. Nf3 Qf4 17. Qxf4 Rxf4 18. Kd2 Nf6 19. Rag1 Rg4 20. Nh4 Rxg1 21. Rxg1  Kf7 22. f4 exf4 23. Nxg6 Nc5 24. Nxf4 Ncxe4+ 25. Nxe4 Nxe4+ 26. Ke3 Nf6 27. Nh5  Ne8 28. Bd3 c6 29. Bg6+ Ke7 30. Bxe8 Kxe8 31. Rg7 cxd5 32. cxd5 Kd8 33. Nf6 Ra6  34. Kd2 Rb6 35. Kc3 Rb5 36. a3 a4 37. Rg8+ Kc7 38. Rg2 Kb6 39. Kc4 Bf5 40. Kd4  Rb3 41. Ne8 Rd3+ 42. Kc4 Rd1 43. Nxd6 Bb1 44. Nc8+ Kc7 45. Ne7 Kd6 46. Rg7 Rc1+  47. Kb4 Rc7 48. Rg1 Bd3 49. Rg3 Be4 50. Ng8 Rf7 51. Kxa4 Bxd5 52. Rg6+ Ke5 53.  Kb5 Rf3 54. Ne7 Be4 55. Rb6 Rg3 56. Ka5 Rg4 57. Nc8 Bc6 58. Rb3 Ra4+ 59. Kb6 Bd5  60. Rb5 Ra6+ 61. Kc7 Rc6+ 62. Kd7 Kd4 63. Rxd5+ Kc4 64. Rd6 1-0

[Event "SUNWAY"]
[Date "2016.12.17"]
[Round "3.16"]
[White "Harsha Bharathakoti"]
[Black "Sunilduth Lyna, Narayanan"]
[Result "1/2-1/2"]
[WhiteElo "2332"]
[BlackElo "2541"]
[ECO "D97"]
[WhiteFed "IND"]
[BlackFed "IND"]
[FCGameId "59617587"]
[TimeControl "5400+30"]

1. d4 Nf6 2. c4 g6 3. Nc3 d5 4. Nf3 Bg7 5. Qb3 dxc4 6. Qxc4 O-O 7. e4 Nc6 8. Be2 Bg4 9. d5 Na5 10. Qb4 Bxf3 11. Bxf3 c6 12. O-O cxd5 13. exd5 Rc8 14. Rd1 Ne8 15. Be3 Nc4 16. Bd4 Ned6 17. Bg4 Bxd4 18. Rxd4 f5 19. Be2 Qb6 20. Qxb6 Nxb6 21. Re1 Rc7 22. Bd3 Rfc8 23. f3 a6 24. Re2 Kf7 25. Kf2 Nbc4 26. Bxc4 Rxc4 27. Rd3 b5 28. Nd1 Rc1 29. b3 Ra1 30. g3 Rcc1 31. Ne3 Rh1 32. Kg2 Rag1+ 33. Kh3 Re1 34. Rxe1 Rxe1 35. Nc2 Re2 36. Nb4 g5 37. g4 fxg4+ 38. fxg4 Ne4 39. Rf3+ Kg6 40. Nc6 Nf6 41. Rd3 Kf7 42. Nd8+ Kg6 43. Nc6 h5 44. gxh5+ Nxh5 45. d6 Nf4+ 46. Kg4 Nxd3 47. d7 Nf2+ 48. Kf3 Rd2 49. d8=Q Rxd8 50. Nxd8 Nd3 51. Nc6 e6 52. Ke3 Nc1 53. Nb4 a5 54. Nc6 Nxa2 55. Nxa5 Kf5 56. Nc6 e5 57. Na7 b4 58. Nc6 g4 59. Ne7+ Ke6 60. Nc6 Kd5 61. Ne7+ Kd6 62. Nf5+ Ke6 63. Nh6 Nc1 64. Nxg4 Nxb3 65. Nf2 Nc5 66. Nd1 Kf5 67. Nb2 b3 68. Kd2 e4 69. Ke3 Kg4 70. Nc4 Kh3 71. Kd4 Kxh2 72. Kxc5 e3 73. Nxe3 b2 74. Nf1+ 1/2-1/2

[Event "SUNWAY"]
[Date "2016.12.17"]
[Round "3.17"]
[White "Burmakin, Vladimir"]
[Black "Ayats Llobera, Gerard"]
[Result "1-0"]
[WhiteElo "2535"]
[BlackElo "2315"]
[ECO "A48"]
[WhiteFed "RUS"]
[BlackFed "ESP"]
[FCGameId "2086066764"]
[TimeControl "5400+30"]

1. d4 Nf6 2. Nf3 g6 3. Bf4 Bg7 4. e3 O-O 5. Be2 d6 6. O-O Nh5 7. Bg5 h6 8. Bh4  g5 9. Nfd2 Nf6 10. Bg3 c5 11. c3 Nbd7 12. a4 d5 13. h4 gxh4 14. Bxh4 e5 15. Nf3  Qc7 16. Nbd2 Ne4 17. Rc1 Qb6 18. dxe5 Qxb2 19. Nxe4 dxe4 20. Nd2 Qb6 21. Nxe4  Nxe5 22. Be7 Re8 23. Bxc5 Qg6 24. Ng3 b6 25. Bd4 Bb7 26. Bb5 Red8 27. Qh5 Rac8  28. Qxg6 fxg6 29. Rfd1 Kf7 30. Nf1 Nc6 31. Nd2 Na5 32. Rb1 Bc6 33. Bxc6 Rxc6 34.  Nb3 Nxb3 35. Rxb3 Rd5 36. Ra1 Ra5 37. Rb5 Rc4 38. Rxa5 bxa5 39. Ra3 Bf8 40. Ra2  Bc5 41. Kf1 Ke6 42. Ke2 Bxd4 43. cxd4 h5 44. Kd3 Rb4 45. Ke4 Rc4 46. g3 Rb4 47.  f3 Rc4 48. g4 hxg4 49. fxg4 Rb4 50. g5 Rc4 51. Rf2 Rxa4 52. Rf6+ {-error} 1-0

[Event "SUNWAY"]
[Date "2016.12.17"]
[Round "2.1"]
[White "Lorenzo De La Riva, Lazaro"]
[Black "Sasikiran, Krishnan"]
[Result "0-1"]
[WhiteElo "2373"]
[BlackElo "2661"]
[ECO "C99"]
[WhiteFed "ESP"]
[BlackFed "IND"]
[FCGameId "-147649298"]
[TimeControl "5400+30"]

1. e4 e5 2. Nf3 Nc6 3. Bb5 a6 4. Ba4 Nf6 5. O-O Be7 6. Re1 b5 7. Bb3 O-O 8. c3 d6 9. h3 Na5 10. Bc2 c5 11. d4 Qc7 12. Nbd2 cxd4 13. cxd4 Nc6 14. d5 Nb4 15. Bb1 a5 16. a3 Na6 17. b4 Bd7 18. Nb3 axb4 19. axb4 Nxb4 20. Ba3 Ra4 21. Qd2 Qc4 22. Rc1 Qxb3 23. Rc3 Rxa3 24. Rxb3 Rxb3 25. Qd1 Rc3 26. Ra7 Rfc8 27. Kh2 Bd8 28. Qd2 Rb3 29. Ba2 Rbc3 30. Bb1 h6 31. Qb2 Nc2 32. Rb7 Be8 33. Bxc2 Rxc2 34. Qb4 R2c4 35. Qxd6 Nxe4 36. Qxe5 Bf6 37. Qh5 Rd8 38. Rb6 Bd7 39. Ne5 Bxe5+ 40. Qxe5 Re8 41. Qb2 Nc5 42. Qd2 h5 43. Qa5 h4 44. Rxb5 Ra4 45. Qb6 Bxb5 46. Qxb5 Rc8 47. d6 Rd4 48. Qb6 Ne6 0-1

[Event "SUNWAY"]
[Date "2016.12.17"]
[Round "2.2"]
[White "Ivanisevic, Ivan"]
[Black "Derakhshani, Dorsa"]
[Result "1-0"]
[WhiteElo "2648"]
[BlackElo "2370"]
[ECO "A45"]
[WhiteFed "SRB"]
[BlackFed "IRI"]
[FCGameId "1309561906"]
[TimeControl "5400+30"]

1. d4 Nf6 2. Bg5 c5 3. d5 Qb6 4. Nc3 Qxb2 5. Bd2 Qb6 6. e4 d6 7. f4 Nbd7 8. Nf3 g6 9. e5 dxe5 10. fxe5 Ng4 11. Rb1 Qc7 12. d6 exd6 13. Nd5 Qc6 14. Bc3 dxe5 15. Bb5 Qd6 16. h3 Nf6 17. Nxf6+ Qxf6 18. Bxe5 Qe6 19. O-O Rg8 20. Re1 Kd8 21. Bc7+ Kxc7 22. Rxe6 fxe6 23. Bxd7 Bxd7 24. Rxb7+ Kxb7 25. Qxd7+ 1-0

[Event "SUNWAY"]
[Date "2016.12.17"]
[Round "2.3"]
[White "Panelo, Marcelo"]
[Black "Granda Zuniga, Julio E"]
[Result "0-1"]
[WhiteElo "2372"]
[BlackElo "2646"]
[ECO "E12"]
[WhiteFed "ARG"]
[BlackFed "PER"]
[FCGameId "1650536120"]
[TimeControl "5400+30"]

1. d4 Nf6 2. Nf3 e6 3. c4 b6 4. a3 Bb7 5. Nc3 d5 6. cxd5 exd5 7. Bg5 Be7 8. g3  Nbd7 9. Bg2 O-O 10. O-O Re8 11. Qb3 Nf8 12. Rad1 Ne6 13. Bc1 h6 14. Ne5 Bf8 15.  e3 c5 16. Qa2 Qd6 17. f4 Rad8 18. h3 Nc7 19. g4 Re7 20. g5 hxg5 21. fxg5 Nd7 22.  Ng4 b5 23. e4 cxd4 24. Bf4 Qb6 25. Nxd5 Nxd5 26. exd5 Re2 27. Bf3 d3+ 28. Kh1  Qd4 29. Bc7 Rde8 30. g6 R8e4 0-1

[Event "SUNWAY"]
[Date "2016.12.17"]
[Round "2.4"]
[White "Romanov, Evgeny"]
[Black "Alonso Bouza, Julio Javier"]
[Result "1-0"]
[WhiteElo "2622"]
[BlackElo "2365"]
[ECO "A48"]
[WhiteFed "RUS"]
[BlackFed "CUB"]
[FCGameId "1032884239"]
[TimeControl "5400+30"]

1. d4 Nf6 2. Nf3 g6 3. Nc3 d5 4. Bf4 Bg7 5. Nb5 Na6 6. e3 c6 7. Nc3 Nc7 8. Be2 Bg4 9. h3 Bxf3 10. Bxf3 Nb5 11. Nxb5 cxb5 12. c3 O-O 13. Qb3 Qd7 14. O-O a6 15. a4 bxa4 16. Rxa4 e6 17. c4 Ne4 18. Bxe4 dxe4 19. Rb4 Ra7 20. Rb6 Rc8 21. Rd1 h6 22. c5 g5 23. Bg3 Bf8 24. d5 Rd8 25. Bd6 Bg7 26. dxe6 fxe6 27. Qc4 Qf7 28. Qxe4 Qf5 29. Qc4 Rd7 30. e4 Qf7 31. Rd3 Ra8 32. Qb3 Rad8 33. Rf3 Qg6 34. Rxb7 Qxe4 35. Rxd7 Rxd7 36. Re3 Qd5 37. Qxd5 exd5 38. c6 Rxd6 39. c7 Rc6 40. Re8+ Kf7 41. c8=Q Rxc8 42. Rxc8 Bxb2 43. Ra8 Bf6 44. Rxa6 h5 45. g3 h4 46. Kg2 Kg6 47. gxh4 gxh4 48. Ra5 1-0

[Event "SUNWAY"]
[Date "2016.12.17"]
[Round "2.5"]
[White "Meister, Peter"]
[Black "Postny, Evgeny"]
[Result "0-1"]
[WhiteElo "2366"]
[BlackElo "2620"]
[ECO "D26"]
[WhiteFed "GER"]
[BlackFed "ISR"]
[FCGameId "-2061221976"]
[TimeControl "5400+30"]

1. d4 d5 2. c4 dxc4 3. Nf3 Nf6 4. e3 e6 5. Bxc4 a6 6. a4 b6 7. O-O Bb7 8. Qe2 Bb4 9. Rd1 O-O 10. Nc3 Nbd7 11. Bd2 c5 12. Be1 Qe7 13. dxc5 Bxc5 14. h3 Rfc8 15. Bb3 Bb4 16. Bc2 Nc5 17. Rd4 a5 18. Nb5 Nd5 19. Ne5 Qg5 20. f4 Qe7 21. Nc4 Bxe1 22. Rxe1 Rf8 23. Red1 Rab8 24. R1d2 Nb4 25. Bd1 Ne4 26. Rd7 Qf6 27. R2d4 Nc5 28. R7d6 Nc6 29. Nxb6 Nxd4 30. exd4 Ne4 0-1

[Event "SUNWAY"]
[Date "2016.12.17"]
[Round "2.6"]
[White "Edouard, Romain"]
[Black "Dedebas, Emre Emin"]
[Result "1-0"]
[WhiteElo "2611"]
[BlackElo "2358"]
[ECO "D20"]
[WhiteFed "FRA"]
[BlackFed "TUR"]
[FCGameId "262526680"]
[TimeControl "5400+30"]

1. d4 d5 2. c4 dxc4 3. e4 Nf6 4. e5 Nd5 5. Bxc4 Nb6 6. Bd3 Nc6 7. Ne2 g6 8. Nbc3 Bg7 9. a3 O-O 10. Be3 Be6 11. h4 Nc4 12. Qc2 Nxe3 13. fxe3 Na5 14. Ne4 Nb3 15. Rd1 c5 16. Bc4 Qa5+ 17. Kf1 cxd4 18. Bxb3 Rac8 19. Qd3 Bxb3 20. Qxb3 Qxe5 21. Rxd4 Qf5+ 22. Nf2 Bxd4 23. Nxd4 Qf6 24. Ke2 Qa6+ 25. Kf3 e5 26. Ne2 Rc6 27. Nc3 Rb6 28. Qa2 Rd8 29. b4 Rbd6 30. Nce4 Rc6 31. g4 Rdc8 32. Qd5 Rc2 33. b5 Qxa3 34. h5 Qa2 35. Qxe5 Qe6 36. Nf6+ Kf8 37. Nxh7+ Ke7 38. Qxe6+ fxe6 39. Ne4 gxh5 40. gxh5 Rh8 41. Nhf6 a5 42. Rd1 Rd8 43. Rxd8 Kxd8 44. h6 Rh2 45. h7 a4 46. Kg4 Rxh7 47. Nxh7 a3 48. Nc3 Kc7 49. Kf4 1-0

[Event "SUNWAY"]
[Date "2016.12.17"]
[Round "2.7"]
[White "Iniyan, P"]
[Black "Vocaturo, Daniele"]
[Result "1/2-1/2"]
[WhiteElo "2363"]
[BlackElo "2606"]
[ECO "E00"]
[WhiteFed "IND"]
[BlackFed "ITA"]
[FCGameId "-2123348337"]
[TimeControl "5400+30"]

1. d4 e6 2. c4 Bb4+ 3. Bd2 a5 4. Nf3 Nf6 5. a3 Bxd2+ 6. Nbxd2 d6 7. b4 O-O 8. e3 Re8 9. c5 axb4 10. axb4 Rxa1 11. Qxa1 Nc6 12. Qb2 dxc5 13. dxc5 Qe7 14. Bb5 Bd7 15. O-O e5 16. Ra1 e4 17. Bxc6 Bxc6 18. Nd4 Bd5 19. Nf1 g6 20. Ng3 Ng4 21. h3 Ne5 22. Nge2 Nd3 23. Qd2 Qf6 24. Nc3 Bc4 25. Ra4 c6 26. Ra7 Ba6 27. b5 Bxb5 28. Ndxb5 cxb5 29. Nxe4 Rxe4 30. Qxd3 Rc4 31. Rxb7 Rxc5 32. Rxb5 Rc1+ 33. Kh2 Qxf2 34. Rb8+ Kg7  1/2-1/2

[Event "SUNWAY"]
[Date "2016.12.17"]
[Round "2.8"]
[White "Zubov, Alexander"]
[Black "Cruz, Filemon"]
[Result "1-0"]
[WhiteElo "2606"]
[BlackElo "2355"]
[ECO "E14"]
[WhiteFed "UKR"]
[BlackFed "PER"]
[FCGameId "-298410610"]
[TimeControl "5400+30"]

1. d4 Nf6 2. c4 e6 3. Nf3 b6 4. e3 Bb7 5. Bd3 Be7 6. O-O O-O 7. b3 c5 8. Bb2 cxd4 9. exd4 d5 10. Qe2 Nbd7 11. Nbd2 dxc4 12. bxc4 Re8 13. Ng5 Nf8 14. f4 h6 15. Ngf3 Qc7 16. Ne5 Bd6 17. a4 Rac8 18. a5 N8d7 19. a6 Ba8 20. Nb1 Bb4 21. Ra4 Qd6 22. Na3 Bxa3 23. Rxa3 Nb8 24. Bb1 Nc6 25. Rd1 Red8 26. Rg3 Ne7 27. Ng4 Nxg4 28. Qxg4 g6 29. Ba3 Qd7 30. Bxe7 Qxe7 31. Bxg6 Kf8 32. Qh5 fxg6 33. Qxg6 1-0

[Event "SUNWAY"]
[Date "2016.12.17"]
[Round "2.9"]
[White "Pogorelov, Ruslan"]
[Black "Van Foreest, Jorden"]
[Result "0-1"]
[WhiteElo "2355"]
[BlackElo "2605"]
[ECO "D45"]
[WhiteFed "UKR"]
[BlackFed "NED"]
[FCGameId "1358013814"]
[TimeControl "5400+30"]

1. Nf3 d5 2. d4 Nf6 3. c4 c6 4. Nc3 e6 5. e3 Nbd7 6. Qc2 b6 7. Bd3 Bb7 8. O-O  Be7 9. e4 dxe4 10. Nxe4 Nxe4 11. Bxe4 Nf6 12. Bf4 O-O 13. Rad1 Nxe4 14. Qxe4 Qc8  15. Qe3 Re8 16. c5 Ba6 17. Rfe1 Bc4 18. Nd2 Bd5 19. Ne4 Bxe4 20. Qxe4 Rd8 21.  Rd3 Rd5 22. Rh3 g6 23. Be5 Qd7 24. Qf4 f6 25. Qh4 Bd8 26. Bd6 bxc5 27. dxc5 e5  28. Qa4 Bc7 29. Bxc7 Qxc7 30. Rc3 Rad8 31. g3 Kg7 32. Re2 Rd1+ 33. Kg2 R8d4 34.  Qa6 Qd7 35. f3 Rb1 36. Rb3 Rd2 0-1

[Event "SUNWAY"]
[Date "2016.12.17"]
[Round "2.10"]
[White "Vorobiov, Evgeny E."]
[Black "Olivares Canelles, Francisco"]
[Result "1-0"]
[WhiteElo "2583"]
[BlackElo "2336"]
[ECO "A08"]
[WhiteFed "RUS"]
[BlackFed "CUB"]
[FCGameId "-2034698744"]
[TimeControl "5400+30"]

1. Nf3 Nf6 2. g3 d5 3. Bg2 e6 4. O-O Be7 5. d3 O-O 6. Nbd2 c5 7. e4 Nc6 8. Re1 b5 9. e5 Nd7 10. Nf1 Qc7 11. Bf4 Bb7 12. h4 Rfc8 13. N1h2 Qd8 14. h5 h6 15. Qd2 Bf8 16. g4 Ne7 17. g5 Nf5 18. Bh3 Rc6 19. gxh6 gxh6 20. Bxf5 exf5 21. Bg3 Be7 22. Qf4 Bc8 23. Bh4 Nf8 24. Kh1 d4 25. Bxe7 Qxe7 26. Rg1+ Kh7 27. Qg3 Ng6 28. hxg6+ fxg6 29. e6 Rxe6 30. Rae1 g5 31. Rxe6 Bxe6 32. Re1 Re8 33. Kg1 b4 34. Qe5 g4 35. Nd2 Qg5 36. Qc7+ Re7 37. Qd6 Rg7 38. Rxe6 Qxd2 39. Nf1 Qg5 40. Ng3 h5 41. Rf6 h4 42. Nxf5 Qc1+ 43. Kg2 h3+ 44. Kh2 1-0

[Event "SUNWAY"]
[Date "2016.12.17"]
[Round "2.11"]
[White "Epishin, Vladimir"]
[Black "Harsha Bharathakoti"]
[Result "1/2-1/2"]
[WhiteElo "2571"]
[BlackElo "2332"]
[ECO "E17"]
[WhiteFed "RUS"]
[BlackFed "IND"]
[FCGameId "-402066161"]
[TimeControl "5400+30"]

1. d4 Nf6 2. Nf3 e6 3. c4 b6 4. g3 Bb7 5. Bg2 Be7 6. Nc3 Ne4 7. Bd2 f5 8. Qc2 Nxc3 9. Bxc3 Be4 10. Qa4 O-O 11. O-O Bf6 12. Rfd1 d6 13. Rac1 Qe8 14. Qxe8 Rxe8 15. c5 Nd7 16. b4 Be7 17. cxd6 cxd6 18. Nd2 Bxg2 19. Kxg2 Nf6 20. Nb3 Rec8 21. Bd2 d5 22. Rxc8+ Rxc8 23. Rc1 Rc4 24. f3 Kf7 1/2-1/2

[Event "SUNWAY"]
[Date "2016.12.17"]
[Round "2.12"]
[White "Nihal Sarin"]
[Black "Lopez Martinez, Josep Manuel"]
[Result "1/2-1/2"]
[WhiteElo "2340"]
[BlackElo "2552"]
[ECO "D80"]
[WhiteFed "IND"]
[BlackFed "ESP"]
[FCGameId "-449562120"]
[TimeControl "5400+30"]

1. d4 Nf6 2. c4 g6 3. Nc3 d5 4. Bg5 Ne4 5. Bh4 c5 6. cxd5 Nxc3 7. bxc3 Qxd5 8. e3 cxd4 9. Qxd4 Qxd4 10. cxd4 Bg7 11. Nf3 Nc6 12. Rb1 b6 13. Bb5 Bd7 14. Ke2 Na5 15. Rhc1 Bxb5+ 16. Rxb5 e6 17. Rc7 O-O 18. Rb1 h6 19. Be7 Rfc8 20. Rbc1 Rxc7 21. Rxc7 b5 22. Nd2 Bf8 23. Bxf8 Kxf8 24. Kd3 a6 25. Kc3 Rb8 26. Kb4 Nc4 27. Ne4 a5+ 28. Kc5 Nb2 29. Ra7 a4 30. Nf6 Nd3+ 31. Kc6 Kg7 32. Nd7 Nb4+ 33. Kc5 Nd3+ 34. Kc6 Nb4+ {-error}  1/2-1/2

[Event "SUNWAY"]
[Date "2016.12.17"]
[Round "2.13"]
[White "Vehi Bach, Victor Manuel"]
[Black "Burmakin, Vladimir"]
[Result "1/2-1/2"]
[WhiteElo "2332"]
[BlackElo "2535"]
[ECO "B12"]
[WhiteFed "ESP"]
[BlackFed "RUS"]
[FCGameId "-173960234"]
[TimeControl "5400+30"]

1. e4 c6 2. d4 d5 3. e5 Bf5 4. Nd2 e6 5. Nb3 Nd7 6. Nf3 Ne7 7. Be2 h6 8. O-O Bh7 9. Bd2 Ng6 10. a4 Be7 11. a5 O-O 12. c4 dxc4 13. Bxc4 a6 14. Qe2 Qc7 15. Rfe1 Rfc8 16. Rac1 Qd8 17. Red1 Qe8 18. h3 Bf8 19. g3 Ne7 20. Bb4 Nd5 21. Bxf8 Qxf8 22. Nfd2 Qb4 23. Bd3 Bxd3 24. Qxd3 Nc7 25.  Ne4 Nb5 26. Rc4 Qe7 27. Nbc5 Rab8 28. b4 Rd8 29. Qf3 Nf8 30. Qg4 Kh8 31. Na4 Ng6 32. Nb6 Qe8 33. Nc3 Ne7 34. Nxb5 axb5 35. Rc5 Kg8 36.  Qe4 Nc8 37. Nxc8 Rbxc8 38.  Rdc1 Ra8 39. f4 Rd7 40. Rd1 Qe7 41. Kf2 Rad8 42. Ke3 Rd5 43. Rd2 g5 44. fxg5 Qxg5+ 45.  Qf4 Rxc5 46. dxc5 Rd5 47.  Rxd5 exd5 48. h4 Qg6 49. Kf3 Kg7 50. Ke3 h5 51. Kd4 Qh6 52. Qf2 Kg8 53. Qf4 Kg7 54. Qf2 Qc1 55. Qf6+ Kg8 56. Qf4 Qd1+ 57. Ke3 Kf8 58. Kf2 Qc2+ 59. Ke3 Qg6 60. Kd4 Ke7 61. Ke3 Ke6 62. Kd4 f6 63. exf6 Qxf6+ 64. Ke3 Qe5+ 65. Kf3 Qf5 66. Ke3 Qxf4+ 67. Kxf4 Kf6 68. g4 hxg4 69. Kxg4 Kg6 70. h5+ Kh6 71. Kh4 d4 72. Kg4 d3 73. Kf3 Kxh5 74. Ke3 Kg4 75. Kxd3 Kf5 76. Kd4 Kf4 77. Kd3 Kf3 78. Kd4 Kf4 79. Kd3 1/2-1/2

[Event "SUNWAY"]
[Date "2016.12.17"]
[Round "2.14"]
[White "Shyam, Sundar M."]
[Black "Gu, Xiaobing"]
[Result "1/2-1/2"]
[WhiteElo "2532"]
[BlackElo "2324"]
[ECO "B50"]
[WhiteFed "IND"]
[BlackFed "CHN"]
[FCGameId "992469633"]
[TimeControl "5400+30"]

1. e4 c5 2. Nf3 d6 3. Nc3 Nf6 4. e5 dxe5 5. Nxe5 e6 6. a4 Be7 7. g3 Nbd7 8. Nc4 Nb6 9. Nxb6 Qxb6 10. Bg2 Bd7 11. a5 Qc7 12. a6 Bc6 13. O-O b6 14. Nb5 Qd7 15. Bxc6 Qxc6 16. Qe2 O-O 17. b3 Ne4 18. Ra4 f5 19. d4 cxd4 20. Nxd4 Qd5 21. Qc4 Qxc4 22. Rxc4 Rfc8 23. Rxc8+ Rxc8 24. c4 Kf7 25. Be3 Nc5 26. Ra1 Bf6 27. Nb5 Bxa1 28. Nd6+ Kf6 29. Nxc8 Nxa6 30. Nxa7 Nc5 31. b4 Na4 32. f4 e5 33. Kf1 exf4 34. gxf4 Ke6 35. Ke2 Bf6 36. Nc8 Bd8 37. Bd4 Bc7 38. Kd3 Kd7 39. Na7 Bxf4 40. Kc2 Bxh2 41. Kb3 h5 42. Kxa4 h4 43. Bxb6 h3 44. c5 Bc7 45. c6+ Kd8 46. Bxc7+ Kxc7 47. Nb5+ Kxc6 48. Nd4+ Kd5 49. Nxf5 Ke4 50. Ng3+ Kf3 51. Nh1 Kg2 52. b5 Kxh1 53. b6 h2 54. b7 Kg1 55. b8=Q h1=Q 56. Qa7+ 1/2-1/2